cohdb
Replays
Latest Replays
All Replays
Popular Replays
Top Player Replays
Match Explorer
How It Works
Community
CoH3 Stats
Reddit
Sign in to upload your games and track your stats! →
Sign in with Steam
Match 43683851
Unlisted
Match 43683851
Overview
Messages
Build Orders
End
Construct Infanterie Kompanie
Pioneer Squad
Selects Breakthrough Battlegroup
Selects Assault Grenadiers
Grenadier Squad
Grenadier Squad
MG 42 Machine Gun Team
Selects Breakthrough
Breakthrough
Construct Panzergrenadier Kompanie
Panzergrenadier Squad
Pak 40 Anti-tank Gun Team
Medical Bunker
Panzergrenadier Officer Quarters
Breakthrough
Support Elements
MG 42 Machine Gun Team
StuG III G Assault Gun
Selects Mechanized Assault Group
Nebelwerfer 42 Rocket Launcher Team
Selects Rapid Production
Selects Blitzkrieg
Panzergrenadier Squad
MG 42 Machine Gun Team
Breakthrough
Mechanized Assault Group
Goodvyn
HighFive
0
0
Comments
sign in to comment!
No comments posted yet!